Map: Dusk Towers

Players

Miszu

  • Race: Terran Terran
  • League: Grandmaster

llllllllllll - Winner!

  • Race: Protoss Protoss
  • League: Master

VOD

Have the link to the VOD?

Description

Time

  • Played on: May 11, 2016, 3:43 p.m.
  • Length: 9:41
Show
View Real Time Build Order
Export as new Build Order

Miszu Terran 

Build Orders: MMM Bio 

Get SALT Encoding   

  12  0:01  SCV  
  13  0:13  SCV  
  14  0:17  Supply Depot  
  14  0:25  SCV  
  15  0:39  SCV  
  15  0:40  Barracks  
  16  0:51  SCV  
  17  1:10  SCV  
  18  1:17  Command Center  
  18  1:28  Marine, Orbital Command  
  19  1:46  Marine  
  20  1:49  Barracks  
  20  1:51  Barracks  
  20  1:53  SCV  
  21  2:02  Supply Depot  
  21  2:06  Marine, SCV  
  23  2:23  SCV  
  23  2:28  Refinery, Marine  
  23  2:29  Refinery  
  25  2:31  Orbital Command  
  25  2:35  SCV  
  25  2:36  Marine  
  27  2:40  Marine  
  28  2:46  Marine  
  28  2:47  SCV  
  30  2:54  Marine  
  30  2:57  SCV  
  32  2:59  SCV  
  32  3:02  Barracks Tech Lab  
  33  3:08  Supply Depot  
  33  3:09  SCV  
  33  3:10  Marine  
  33  3:12  SCV  
  36  3:13  Marine  
  37  3:21  Marine, Stimpack, SCV  
  37  3:24  SCV  
  40  3:28  Marine  
  40  3:30  Supply Depot  
  40  3:32  Marine  
  40  3:33  SCV  
  43  3:36  SCV  
  44  3:44  Marine  
  44  3:45  SCV  
  44  3:46  Marine  
  44  3:48  SCV  
  48  3:50  Marine  
  48  3:53  Supply Depot  
  48  3:54  Factory  
  49  3:56  Refinery  
  49  3:57  SCV  
  49  4:01  Marine  
  51  4:03  Marine  
  51  4:04  SCV  
  51  4:09  SCV  
  54  4:10  Marine  
  54  4:15  Supply Depot  
  54  4:16  SCV  
  56  4:19  Marine  
  56  4:21  Marine  
  56  4:22  SCV  
  59  4:28  Marine, SCV  
  61  4:34  SCV  
  62  4:38  Factory Reactor  
  62  4:39  Starport  
  62  4:40  SCV  
  62  4:42  Marine x2  
  62  4:45  Engineering Bay  
  65  4:46  SCV  
  65  4:48  Marine  
  67  4:53  SCV  
  67  4:58  SCV  
  69  5:00  Marine x2  
  69  5:01  Supply Depot  
  69  5:02  Supply Depot  
  69  5:05  SCV  
  73  5:11  Terran Infantry Weapons Level 1  
  74  5:14  SCV  
  74  5:18  Marine  
  74  5:19  Barracks Reactor  
  74  5:22  Factory Reactor  
  74  5:24  Medivac x2, Missile Turret  
  74  5:25  Barracks Tech Lab  
  74  5:27  Missile Turret  
  77  5:36  Marauder  
  78  5:48  Marauder  
  79  5:51  Command Center  
  79  5:54  Concussive Shells  
  79  5:55  Barracks  
  79  5:56  Marine x2, Barracks  
  80  5:59  Marauder  
  80  6:00  Combat Shields  
  82  6:07  Supply Depot  
  82  6:08  Refinery  
  82  6:09  Marine  
  82  6:11  Supply Depot  
  82  6:16  Marine x2  
  83  6:18  Medivac x2, Widow Mine x2  
  83  6:21  Marauder  
  93  6:29  Marauder  
  93  6:30  Supply Depot  
  93  6:32  SCV  
  96  6:33  SCV  
  96  6:34  Marine  
  98  6:40  Supply Depot  
  98  6:42  Barracks Reactor, Barracks Tech Lab, Marauder  
  92  6:49  Marine, Widow Mine  
  92  6:50  Medivac x2, Marauder  
  92  6:51  Marine  
  90  6:57  Widow Mine  
  90  7:01  SCV x2  
  94  7:03  Orbital Command  
  94  7:09  Marauder x2  
  94  7:13  Marine x2, SCV x2  
  94  7:14  Marauder  
  104  7:19  Marine x2  
  104  7:22  Medivac  
  108  7:24  Medivac  
  108  7:25  SCV x2  
  112  7:30  Marauder  
  112  7:35  Marine x2, Marauder, Widow Mine  
  112  7:36  Widow Mine  
  122  7:37  SCV x2  
  122  7:42  Marine x2, Marauder  
  122  7:43  Supply Depot x2  
  128  7:46  Terran Infantry Armor Level 1  
  128  7:51  Marine  
  128  7:53  Medivac  
  128  7:55  Marine  
  128  7:56  Marauder  
  134  7:59  Refinery x2  
  134  8:02  Engineering Bay  
  117  8:07  Marine, Marauder  
  113  8:21  Marine, Marauder  
  113  8:22  Marine x2, Marauder  
  113  8:25  Marine  
  113  8:26  Widow Mine x2  
  113  8:27  Medivac x2  
  125  8:29  Marauder  
  122  8:42  Marauder  
  122  8:43  Marauder  
  122  8:44  Marine  
  119  8:50  Marauder  
  119  8:52  Marine x3  
  119  9:00  Medivac x2  
  119  9:01  Supply Depot  
  119  9:02  Marine  
  124  9:04  Marauder  
  124  9:05  Marauder  
  132  9:10  Marine x3  
  132  9:11  Marine  
  132  9:15  Supply Depot  
  132  9:16  SCV  
  130  9:17  SCV x2  
  130  9:19  Marine  
  130  9:28  SCV  
Show
View Real Time Build Order
Export as new Build Order

llllllllllll Protoss - Winner!

Build Orders: 1 Gate Expand, Blink Stalkers 

Get SALT Encoding   

  12  0:01  Probe (Chrono Boost)  
  13  0:11  Probe (Chrono Boost)  
  14  0:17  Pylon  
  14  0:22  Probe (Chrono Boost)  
  16  0:36  Probe (Chrono Boost)  
  16  0:37  Gateway  
  16  0:44  Assimilator  
  16  0:46  Probe (Chrono Boost)  
  17  0:57  Probe (Chrono Boost)  
  18  1:07  Probe (Chrono Boost)  
  19  1:18  Nexus  
  19  1:21  Probe (Chrono Boost)  
  20  1:30  Cybernetics Core  
  20  1:34  Probe (Chrono Boost)  
  20  1:38  Assimilator  
  21  1:44  Probe (Chrono Boost)  
  22  1:48  Pylon  
  22  1:55  Probe (Chrono Boost)  
  23  2:07  Mothership Core (Chrono Boost)  
  25  2:08  Adept  
  25  2:09  Warp Gate (Chrono Boost)  
  27  2:25  Probe (Chrono Boost)  
  28  2:30  Probe (Chrono Boost)  
  28  2:34  Robotics Facility  
  28  2:36  Probe (Chrono Boost)  
  30  2:42  Probe (Chrono Boost)  
  31  2:46  Stalker  
  31  2:47  Probe (Chrono Boost)  
  34  2:52  Probe (Chrono Boost)  
  34  2:57  Probe (Chrono Boost)  
  36  3:03  Probe (Chrono Boost)  
  37  3:07  Probe (Chrono Boost)  
  37  3:12  Probe (Chrono Boost)  
  38  3:13  Twilight Council  
  38  3:19  Probe  
  40  3:21  Observer (Chrono Boost)  
  40  3:23  Probe  
  42  3:31  Probe  
  43  3:35  Probe  
  43  3:38  Gateway  
  43  3:39  Gateway  
  44  3:41  Pylon  
  44  3:43  Probe, Assimilator  
  44  3:45  Blink (Chrono Boost)  
  44  3:47  Probe  
  46  3:58  Pylon  
  46  3:59  Observer, Probe (Chrono Boost)  
  46  4:00  Probe (Chrono Boost)  
  49  4:11  Probe (Chrono Boost)  
  49  4:13  Probe (Chrono Boost)  
  51  4:20  Stalker  
  51  4:21  Probe (Chrono Boost)  
  51  4:22  Nexus  
  55  4:25  Probe (Chrono Boost)  
  55  4:32  Probe (Chrono Boost)  
  55  4:37  Probe (Chrono Boost)  
  59  4:41  Stalker  
  59  4:42  Probe (Chrono Boost)  
  62  4:47  Pylon  
  62  4:49  Pylon x2  
  62  4:54  Probe (Chrono Boost)  
  62  4:55  Probe (Chrono Boost)  
  62  5:04  Warp Prism  
  62  5:05  Probe (Chrono Boost)  
  62  5:06  Stalker x2  
  70  5:07  Stalker, Probe (Chrono Boost)  
  72  5:15  Probe (Chrono Boost)  
  72  5:19  Probe (Chrono Boost)  
  74  5:26  Probe (Chrono Boost)  
  75  5:31  Probe (Chrono Boost)  
  75  5:33  Nexus  
  75  5:34  Stalker x2  
  80  5:36  Probe (Chrono Boost)  
  82  5:43  Probe x2 (Chrono Boost)  
  82  5:47  Probe (Chrono Boost)  
  84  5:53  Stalker  
  84  5:54  Probe (Chrono Boost)  
  84  5:55  Probe (Chrono Boost)  
  88  5:58  Probe (Chrono Boost)  
  88  6:00  Gateway  
  88  6:01  Gateway  
  88  6:03  Gateway, Pylon  
  89  6:04  Probe (Chrono Boost)  
  89  6:06  Gateway  
  89  6:07  Stalker x2, Probe (Chrono Boost)  
  95  6:14  Resonating Glaives  
  95  6:17  Probe (Chrono Boost)  
  96  6:21  Probe (Chrono Boost)  
  96  6:22  Assimilator, Probe (Chrono Boost)  
  96  6:23  Forge  
  98  6:26  Forge, Gateway, Assimilator  
  98  6:27  Gateway  
  98  6:28  Probe (Chrono Boost)  
  98  6:32  Probe (Chrono Boost)  
  101  6:33  Probe (Chrono Boost)  
  101  6:36  Sentry  
  101  6:37  Sentry x2  
  101  6:39  Probe (Chrono Boost)  
  108  6:45  Pylon  
  108  6:50  Probe x2 (Chrono Boost)  
  108  6:52  Probe (Chrono Boost)  
  111  6:58  Gateway x2  
  111  6:59  Protoss Ground Weapons Level 1 (Chrono Boost), Protoss Ground Armor Level 1 (Chrono Boost)  
  111  7:05  Adept x6  
  111  7:06  Adept  
  125  7:12  Pylon  
  125  7:14  Pylon  
  124  7:17  Immortal  
  124  7:19  Pylon  
  128  7:29  Adept x2  
  132  7:30  Adept x2  
  132  7:35  Photon Cannon  
  136  7:37  Pylon  
  136  7:38  Photon Cannon  
  136  7:39  Pylon, Photon Cannon  
  136  7:42  Templar Archives  
  136  7:43  Adept x5  
  146  8:04  Pylon  
  146  8:05  Adept  
  146  8:06  Adept x6  
  146  8:07  Adept x2  
  164  8:19  Photon Cannon  
  159  8:22  Photon Cannon  
  159  8:23  Photon Cannon  
  159  8:27  Adept x3, Stalker  
  157  8:28  Stalker x4  
  167  8:43  Pylon  
  167  8:44  Adept  
  157  8:50  Stalker x4  
  157  8:53  Stalker x2  
  157  8:54  Stalker x2, Mothership Core  
  171  9:06  Stalker x2  
  175  9:20  Adept  
  175  9:21  Adept  
  175  9:23  Pylon  
  175  9:24  Pylon  
  179  9:31  Photon Cannon  
  179  9:35  Photon Cannon  
  179  9:36  Photon Cannon  
Tags
 
Add a new tag
Caveats
  • Supply blocks, unpowered buildings, or Contaminate may cause inaccurate times.
  • Supply counts are checked every 10 seconds.